Map: Dash and Terminal LE (Void)

Players

Crabro - Winner!

  • Race: Zerg Zerg
  • League: Platinum

Joffrey

  • Race: Protoss Protoss
  • League: Platinum

VOD

Have the link to the VOD?

Description

Testing out LoTV Swarm Host Style

Time

  • Played on: Oct. 5, 2015, 2:50 p.m.
  • Length: 15:23
Show
View Real Time Build Order
Export as new Build Order

Crabro Zerg - Winner!

Build Orders: Hatch First, Swarm Host 

Get SALT Encoding   

  12  0:00  Drone  
  13  0:12  Overlord  
  13  0:16  Drone  
  14  0:30  Drone  
  14  0:31  Drone  
  14  0:35  Drone  
  17  0:55  Hatchery  
  16  0:58  Drone  
  17  1:13  Spawning Pool  
  17  1:14  Drone  
  17  1:17  Extractor  
  16  1:28  Drone x3  
  19  1:41  Drone  
  20  1:49  Overlord  
  20  2:01  Queen  
  20  2:07  Queen  
  24  2:09  Zergling x2  
  24  2:11  Zergling x2  
  26  2:16  Drone  
  27  2:25  Drone x2  
  29  2:31  Drone  
  30  2:39  Lair  
  30  2:42  Drone x2  
  30  2:43  Extractor  
  31  2:48  Drone  
  31  2:50  Queen  
  34  2:55  Overlord  
  34  2:59  Drone  
  34  3:03  Overlord  
  34  3:05  Drone  
  36  3:17  Drone x4  
  36  3:18  Drone  
  41  3:28  Extractor  
  42  3:40  Infestation Pit  
  39  4:08  Queen  
  41  4:16  Swarm Host  
  41  4:17  Swarm Host x2  
  41  4:19  Overlord  
  41  4:24  Roach Warren, Swarm Host  
  52  4:37  Drone x3, Swarm Host  
  58  4:40  Drone x2  
  58  4:44  Overlord  
  60  5:02  Hatchery  
  60  5:05  Drone x3  
  62  5:11  Drone  
  62  5:12  Drone x3  
  66  5:27  Drone  
  66  5:28  Drone  
  68  5:29  Overlord x2  
  68  5:47  Roach x5  
  68  5:48  Roach  
  68  5:49  Roach x3  
  84  5:53  Overlord  
  84  5:54  Overlord  
  84  6:04  Overlord  
  84  6:12  Overlord  
  84  6:17  Drone x2  
  84  6:18  Drone x2  
  88  6:56  Roach x5  
  88  6:57  Roach x4  
  106  7:04  Drone  
  101  7:10  Roach x4  
  101  7:11  Roach  
  101  7:12  Overlord  
  101  7:13  Overlord x2  
  99  7:18  Roach x3  
  107  7:37  Roach x8, Extractor  
  107  7:39  Glial Reconstitution  
  107  7:40  Extractor  
  119  7:45  Extractor  
  119  7:49  Evolution Chamber  
  115  7:51  Evolution Chamber, Overseer  
  115  7:52  Overseer  
  115  7:57  Roach  
  115  7:58  Roach x6  
  108  8:15  Roach  
  108  8:16  Roach x10  
  130  8:20  Overlord x2  
  130  8:28  Overlord  
  130  8:29  Overlord  
  118  9:02  Roach x3  
  126  9:03  Roach x7  
  126  9:04  Roach x3  
  140  9:21  Roach  
  140  9:22  Roach x6  
  142  9:27  Drone x2  
  144  9:55  Swarm Host x2  
  139  10:04  Roach x4  
  139  10:05  Roach x5  
  155  10:09  Overseer  
  155  10:10  Overseer  
  151  10:37  Drone x5  
  151  10:38  Drone x2  
  158  10:44  Zerg Missile Weapons Level 1  
  158  11:11  Spore Crawler  
  158  11:13  Spine Crawler x2  
  155  11:24  Hatchery  
  137  12:04  Hatchery  
  130  12:10  Roach x7  
  94  13:15  Drone  
  94  13:16  Drone x2  
  97  13:41  Drone x2  
  99  13:43  Spore Crawler  
  78  14:10  Drone x2  
  78  14:11  Drone  
Show
View Real Time Build Order
Export as new Build Order

Joffrey Protoss 

Build Orders: 1 Gate Expand 

Get SALT Encoding   

  12  0:01  Probe (Chrono Boost)  
  13  0:12  Probe (Chrono Boost)  
  14  0:23  Probe (Chrono Boost), Pylon  
  15  0:41  Probe (Chrono Boost)  
  16  0:46  Gateway  
  16  0:52  Probe (Chrono Boost)  
  17  1:02  Probe (Chrono Boost)  
  18  1:13  Probe (Chrono Boost)  
  19  1:20  Nexus  
  19  1:24  Probe (Chrono Boost), Assimilator  
  20  1:36  Pylon  
  20  1:38  Probe (Chrono Boost)  
  21  1:44  Cybernetics Core  
  21  1:49  Assimilator  
  21  1:51  Probe (Chrono Boost)  
  22  1:57  Zealot (Chrono Boost)  
  24  2:06  Probe  
  25  2:11  Pylon  
  25  2:18  Probe  
  26  2:22  Warp Gate  
  26  2:27  Adept (Chrono Boost)  
  28  2:30  Probe x2  
  29  2:41  Probe  
  29  2:42  Probe  
  31  2:50  Adept (Chrono Boost)  
  31  2:51  Mothership Core  
  35  3:00  Gateway  
  35  3:02  Probe  
  36  3:09  Gateway  
  36  3:10  Probe  
  36  3:15  Probe  
  37  3:21  Probe  
  37  3:26  Gateway  
  38  3:28  Probe  
  38  3:32  Sentry (Chrono Boost), Probe  
  42  3:36  Twilight Council  
  42  3:40  Probe  
  43  3:45  Probe  
  44  3:52  Probe  
  45  3:55  Probe  
  46  4:04  Probe  
  46  4:06  Probe  
  48  4:10  Assimilator  
  48  4:13  Blink (Chrono Boost)  
  48  4:16  Probe x2  
  49  4:19  Gateway  
  49  4:21  Gateway  
  50  4:28  Probe  
  50  4:31  Stalker, Gateway  
  53  4:34  Gateway  
  53  4:37  Probe  
  53  4:42  Pylon  
  54  4:50  Pylon  
  54  4:57  Nexus  
  54  5:00  Probe  
  54  5:04  Stalker x2  
  59  5:11  Pylon  
  59  5:16  Stalker x2  
  59  5:21  Pylon  
  61  5:28  Adept  
  61  5:29  Adept  
  61  5:34  Probe  
  66  5:36  Robotics Facility  
  66  5:41  Stalker  
  65  5:51  Cybernetics Core  
  64  6:01  Probe  
  64  6:02  Probe  
  66  6:07  Dark Shrine  
  66  6:20  Probe  
  66  6:24  Probe  
  67  6:32  Stalker  
  70  6:33  Probe, Robotics Facility  
  70  6:34  Probe  
  72  6:40  Probe  
  73  6:47  Stalker x2  
  73  6:51  Stalker x2, Probe  
  82  6:56  Stalker  
  82  6:58  Probe  
  82  7:00  Probe  
  86  7:01  Probe  
  83  7:14  Probe  
  82  7:16  Probe  
  83  7:23  Dark Templar x4  
  83  7:26  Probe  
  83  7:28  Probe  
  93  7:30  Assimilator  
  93  7:32  Assimilator  
  93  7:37  Pylon  
  93  7:38  Pylon  
  93  7:40  Observer (Chrono Boost), Assimilator  
  94  7:48  Pylon  
  94  7:59  Observer (Chrono Boost)  
  94  8:02  Stalker x3  
  95  8:08  Probe x2  
  95  8:10  Probe  
  98  8:17  Warp Prism (Chrono Boost)  
  100  8:20  Stalker x3, Probe  
  100  8:23  Adept  
  109  8:29  Sentry  
  109  8:30  Probe  
  109  8:31  Probe  
  109  8:32  Probe  
  114  8:37  Sentry  
  116  8:44  Pylon  
  116  8:45  Pylon  
  116  8:48  Gateway  
  112  8:49  Gateway  
  112  8:51  Gateway  
  104  8:57  Stalker x5  
  104  9:00  Sentry  
  116  9:07  Pylon  
  116  9:09  Pylon  
  116  9:25  Stalker  
  116  9:26  Stalker x4  
  116  9:27  Stalker x2  
  129  9:52  Dark Templar x4  
  125  10:38  Pylon  
  125  10:40  Pylon  
  125  10:41  Robotics Bay  
  125  10:50  Nexus  
  125  10:52  Charge (Chrono Boost)  
  125  10:56  Stalker x3  
  129  10:57  Stalker x2, Pylon  
  129  11:03  Pylon  
  133  11:05  Pylon  
  133  11:06  Pylon  
  133  11:25  Pylon  
  133  11:31  Dark Templar  
  133  11:32  Dark Templar x3  
  141  11:36  Zealot x3  
  135  12:05  Dark Templar x2  
  117  12:13  Dark Templar  
  54  12:46  Cybernetics Core  
  54  12:49  Dark Templar x2  
  41  13:09  Pylon  
  41  13:10  Pylon  
  39  13:16  Cybernetics Core  
  30  14:03  Pylon  
  30  14:06  Pylon  
  30  14:11  Nexus  
  23  15:10  Pylon  
Tags
 
Add a new tag
Caveats
  • Supply blocks, unpowered buildings, or Contaminate may cause inaccurate times.
  • Supply counts are checked every 10 seconds.